Map: Habitation Station LE (Void)

Players

Maxilicious

  • Race: Terran Terran
  • Spawn Location: 11:00

A.I. 1 (Easy) - Winner!

  • Race: Zerg Zerg
  • Spawn Location: 1:00

VOD

https://youtu.be/ZRaa_D3O5pA

Description

Time

  • Played on: Dec. 30, 2016, 8:18 p.m.
  • Length: 5:44
Show
View Real Time Build Order
Export as new Build Order

Maxilicious Terran 

Build Orders: 1/1/1, Cyclone Opening 

Get SALT Encoding   

  12  0:01  SCV  
  13  0:13  SCV  
  14  0:18  Supply Depot  
  14  0:25  SCV  
  15  0:30  Refinery  
  15  0:40  SCV  
  16  0:45  Barracks  
  16  0:52  SCV  
  16  0:56  Refinery  
  17  1:04  SCV  
  18  1:16  SCV  
  19  1:31  Orbital Command  
  19  1:32  Reaper  
  20  1:35  Factory  
  20  1:45  Supply Depot  
  20  1:56  SCV  
  21  2:04  Reaper  
  22  2:08  SCV  
  23  2:20  Starport  
  23  2:21  SCV, Cyclone  
  27  2:33  SCV  
  27  2:34  Supply Depot  
  28  2:39  Barracks Tech Lab  
  28  2:45  SCV  
  29  2:57  SCV  
  30  3:04  Command Center  
  30  3:12  Raven  
  32  3:16  Barracks Reactor  
  32  3:18  Hellion  
  34  3:21  SCV  
  35  3:29  Supply Depot  
  35  3:33  SCV  
  36  3:39  Factory Tech Lab  
  36  3:45  SCV  
  37  3:50  Refinery  
  37  3:52  Marine  
  37  3:54  Marine  
  37  3:55  Viking  
  41  3:58  SCV  
  42  4:03  Siege Tank  
  45  4:10  Marine  
  45  4:12  SCV  
  45  4:16  Marine  
  48  4:18  Orbital Command  
  48  4:24  SCV  
  49  4:35  Siege Tank  
  52  4:40  SCV  
  52  4:42  Medivac  
  52  4:43  Medivac  
  57  4:46  SCV  
  57  4:47  Supply Depot  
  57  4:49  Marine  
  57  4:52  SCV  
  60  4:58  SCV  
  61  5:04  SCV  
  61  5:05  Supply Depot  
  62  5:11  Marine  
  66  5:21  SCV x2  
Show
View Real Time Build Order
Export as new Build Order

A.I. 1 (Easy) Zerg - Winner!

Build Orders: Pool Only 

Get SALT Encoding   

  12  0:00  Drone  
  13  0:12  Overlord  
  13  0:17  Drone  
  14  0:30  Drone  
  14  0:35  Drone  
  16  0:43  Spawning Pool  
  16  0:44  Extractor  
  16  0:46  Drone  
  15  0:50  Drone  
  16  0:58  Overlord  
  16  1:31  Zergling x2, Queen  
  19  1:33  Roach Warren  
  19  1:34  Drone  
  19  1:35  Extractor  
  18  1:41  Drone  
  19  1:55  Drone  
  19  1:58  Zergling x2  
  21  2:03  Overlord  
  21  2:14  Drone  
  22  2:24  Drone  
  23  2:35  Drone  
  24  2:37  Roach  
  24  2:40  Drone  
  28  2:44  Drone  
  28  3:04  Ravager  
  28  3:05  Overlord, Roach  
  31  3:32  Ravager, Roach  
Tags
 
Add a new tag
Caveats
  • Supply blocks, unpowered buildings, or Contaminate may cause inaccurate times.
  • Supply counts are checked every 10 seconds.